AoeStats
← Vilo41

Arena

509755989Analyzed
1v1 RM · 4d ago on Sep 27, 2026· 45m 28s· 2 players
Game mode
Random Map
Map size
Tiny (2 player)
Population
200
Speed
Normal
Resources
Standard
Victory
Conquest
Starting age
Dark Age
Ending age
Imperial Age
RankedLock teamsTeams togetherTeam positionsShared explorationLock speedFull tech treeHidden civsTurbo modeCheats
Victory
Defeat
🇺🇸 Ethiopians · United States
822
+14
🇻🇪 Franks · Venezuela
775
-33
vitalpilotace
11:00 Feudal Age
11:39 Town Watch
14:39 Castle Age
19:14 Sanctity
20:43 Fervor
20:10 Man-at-Arms
25:12 Double-Bit Axe
25:52 Horse Collar
26:52 Loom
27:10 Heavy Plow
28:24 Wheelbarrow
29:57 Fortified Wall
33:05 Imperial Age
30:38 Fletching
31:54 Bow Saw
31:36 Gold Mining
31:36 Stone Mining
34:49 Chemistry
33:12 Onager
34:27 Siege Engineers
37:39 Two-Man Saw
36:57 Hand Cart
36:43 Town Patrol
37:36 Murder Holes
37:32 Guard Tower
37:40 Bodkin Arrow
38:43 Gold Shaft Mining
38:43 Stone Shaft Mining
38:53 Bracer
39:33 Keep
39:18 Ballistics
41:00 Torsion Engines
41:22 Conscription
40:23 Elite Shotel Warrior
41:04 Royal Heirs
41:41 Padded Archer Armor
41:53 Forging
41:44 Scale Mail Armor
41:57 Masonry
41:38 Heated Shot
44:43 Architecture
43:46 Sappers
44:18 Squires
44:03 Arson
43:39 Halberdier
44:22 Siege Onager
44:22 Heavy Scorpion
Vilo41
12:26 Feudal Age
13:46 Wheelbarrow
14:48 Double-Bit Axe
21:10 Castle Age
20:22 Padded Archer Armor
22:04 Fletching
22:13 Pikeman
22:31 Elite Skirmisher
24:12 Forging
25:28 Hand Cart
35:45 Imperial Age
35:08 Bow Saw
34:53 Gold Mining
34:50 Light Cavalry
38:06 Chemistry
37:18 Scale Barding Armor
37:05 Town Watch
37:32 Man-at-Arms
40:13 Gold Shaft Mining
39:49 Arrowslits
41:39 Bodkin Arrow
44:21 Ballistics
44:56 Husbandry
Connection lost

Rejoining the realm…

Still unreachable

The connection could not be restored.

Session expired

The server has moved on; the page needs a fresh start.